 Dungeon Crawl Stone Soup version 0.31-a0-177-g4aa6249778 (webtiles) character file.

Game seed: 424444227679238557

387 TittyCrusher the Stinger (level 6, -4/38 HPs)
             Began as an Octopode Transmuter on June 19, 2023.
             Slain by an orc wizard
             ... wielding a +2 dagger of electrocution
              (18 damage)
             ... on level 4 of the Dungeon.
             The game lasted 00:06:53 (2703 turns).

TittyCrusher the Stinger (Octopode Transmuter)      Turns: 2703, Time: 00:06:54

Health: -4/38      AC:  2    Str: 12    XL:     6   Next: 78%
Magic:  0/9        EV: 19    Int: 15    God:
Gold:   198        SH:  0    Dex: 17    Spells: 3/9 levels left

rFire   . .          .
                       - Unarmed
rCold   . . .        (shield currently unavailable)
rNeg    . . .        (helmet currently unavailable)
rPois   x            e - amulet of guardian spirit
rElec   .            (no ring)
rCorr   .            (no ring)
SInv    .            (no ring)
Will    .....        (no ring)
Stlth   ++           (no ring)
HPRegen 0.26/turn    (no ring)
MPRegen 0.11/turn    (no ring)
                     (no ring)

%: guardian spirit
@: spider-form
A: venomous fangs, almost no armour, (amphibious), 8 rings, tiny, (camouflage
1), (gelatinous body 1), (nimble swimmer 1), (tentacles)
a: End Transformation


You were on level 4 of the Dungeon.
You were a venomous arachnid creature.
You visited 1 branch of the dungeon, and saw 5 of its levels.

You collected 198 gold pieces.

Inventory:

Hand Weapons
 b - a +0 sling
Missiles
 f - 25 stones (quivered)
Magical Staves
 h - a staff of air
Jewellery
 e - an amulet of guardian spirit (around neck)
 l - an amulet of the acrobat
Scrolls
 a - 2 scrolls of enchant weapon {unknown}
 d - 2 scrolls of teleportation {unknown}
 i - a scroll of silence {unknown}
 m - a scroll of enchant armour {unknown}
 n - a scroll of torment {unknown}
Potions
 g - a potion of resistance
 j - a potion of haste
 k - a potion of enlightenment {unknown}


   Skills:
 - Level 1.0 Fighting
 - Level 2.0 Dodging
 - Level 3.0 Unarmed Combat
 - Level 2.0 Spellcasting
 + Level 5.1 Transmutations
 + Level 5.5 Poison Magic


You had 3 spell levels left.
You knew the following spells:

 Your Spells              Type           Power      Damage    Failure   Level
a - Beastly Appendage     Tmut           32%        N/A       10%         1
b - Wereblood             Tmut           16%        N/A       13%         2
c - Spider Form           Tmut/Pois      17%        N/A       21%         3

Your spell library contained the following spells:

 Spells                   Type           Power      Damage    Failure   Level
 Slow                     Hex            4%         N/A       43%         1
 Confusing Touch          Hex            1%         N/A       75%         3
 Vampiric Draining        Necr           1%         2d6       75%         3
 Ice Form                 Ice/Tmut       9%         N/A       80%         4


Dungeon Overview and Level Annotations

Branches:
Dungeon (5/15)
 Temple: D:4-7

Altars:

Shops:
D:3 :

Annotations:
D:5 Pikel


Innate Abilities, Weirdness & Mutations

You are a venomous arachnid creature.
You have venomous fangs.
You are tiny and dextrous.
Your spellcasting is less reliable in this form.
Your armour is entirely melded.
You are incapable of wielding weapons or throwing items.
You cannot wear most types of armour.
((You are amphibious.))
You can wear up to eight rings at the same time.
((Your skin changes colour to match your surroundings (Stealth+).))
((Your rubbery body absorbs attacks. (AC +1, EV +1)))
((You are camouflaged when in or above water. (Stealth+)))
((You have tentacles for arms and can constrict up to eight enemies at once.))


Message History

The orc wizard completely misses you. The orc barely misses you.
You closely miss the orc wizard.
The orc wizard is severely wounded.
The orc wizard hits you but does no damage.
You hit the orc wizard but do no damage.
The orc wizard looks as sick as possible!
The orc wizard is severely wounded.
The orc wizard barely misses you. The orc completely misses you.
You hit the orc wizard.
You kill the orc wizard!
You hear some strange, mumbled words.
A puff of flame appears from out of thin air!
The puff of flame misses you. The orc closely misses you.
You hit the orc.
The orc is heavily wounded.
Something hits you. The orc barely misses you.
You hit the orc.
The orc is poisoned.
The orc is almost dead.
You hear some strange, mumbled words.
A puff of flame appears from out of thin air!
The puff of flame hits you! The orc barely misses you.
You barely miss the orc.
The orc is almost dead.
Something hits you. The orc closely misses you.
You hit the orc.
You kill the orc!
Something hits you.
You hit something.
You hear some strange, mumbled words.
A magic dart appears from out of thin air!
The magic dart hits you!
You closely miss something. Something hits you.
You completely miss something. Something hits you.
* * * LOW HITPOINT WARNING * * *
You feel better.
You hear some strange, mumbled words.
Something tries to affect you, but you resist.
You hit something but do no damage. Something hits you.
You barely miss something. Something hits you.
You are electrocuted!!
You die...

.. .# .#
##.# #..#
#..###
##){..###
#.s)....#
##.#.......
#..####....
##.## ##.
#..# ##..##
##....##
##......#
##.#......#


There were no monsters in sight!

Vanquished Creatures
  An ogre (D:5)
  A lemure (D:4)
  A hound (D:5)
  2 orc priests (D:4)
  2 orc wizards (D:4)
  An iguana (D:3)
  6 adders
  2 worms (D:3)
  2 orcs (D:4)
  3 bats
  7 endoplasms
  7 giant cockroaches
  7 goblins
  4 hobgoblins
  6 jackals
  5 kobolds
  3 quokkas
  4 ball pythons
  8 frilled lizards
  2 rats
74 creatures vanquished.

Vanquished Creatures (others)
  An orc (D:4)
1 creature vanquished.

Grand Total: 75 creatures vanquished

Notes
Turn   | Place    | Note
-------+----------+-------------------------------------------
     0 | D:1      | TittyCrusher the Octopode Transmuter began the quest for
                  | the Orb.
     0 | D:1      | Reached XP level 1. HP: 13/13 MP: 3/3
    99 | D:1      | Reached XP level 2. HP: 18/18 MP: 5/5
   129 | D:1      | Learned a level 2 spell: Wereblood
   471 | D:1      | Reached XP level 3. HP: 17/23 MP: 4/6
   475 | D:1      | Learned a level 3 spell: Spider Form
   584 | D:2      | Reached skill level 1 in Poison Magic
  1011 | D:2      | Reached XP level 4. HP: 28/28 MP: 4/7
  1886 | D:3      | Reached XP level 5. HP: 29/33 MP: 1/8
  2118 | D:3      | Found Gewiukkig's Book Shop.
  2301 | D:3      | Found a glowing drain.
  2502 | D:4      | You fall into a shaft and drop 1 floor!
  2502 | D:5      | Entered Level 5 of the Dungeon
  2507 | D:5      | Noticed an ogre
  2521 | D:5      | Killed an ogre
  2522 | D:5      | Reached XP level 6. HP: 38/38 MP: 6/9
  2582 | D:5      | Noticed Pikel
  2593 | D:4      | Reached skill level 5 in Poison Magic
  2607 | D:4      | Reached skill level 5 in Transmutations
  2703 | D:4      | Slain by an orc wizard

Illustrated notes

Levels and vault maps discovered:
D:1:      dpeg_arrival_shelter, layout_rooms
D:2:      layout_basic
D:3:      layout_loops_ring, portal_sewer_entry_e, serial_shops, shop,
          kennysheep_minor_cross
D:4:      layout_cave_pods, minmay_temple_entry_statues_pillars
D:5:      layout_rooms, gammafunk_ghost_split, uniq_pikel

Skill      XL: |  1  2  3  4  5  6 |
---------------+-------------------+-----
Transmutations | 3 4 5 |  5.1
Poison Magic   | 2 3 4 5 |  5.5
Fighting       | |  1.0
Dodging        | |  2.0
Unarmed Combat | |  3.0
Spellcasting   | |  2.0

Action                     |  1- 3 |  4- 6 || total
---------------------------+-------+-------++-------
  Melee: Unarmed           |    70 |   117 ||   187
         Constrict         |     9 |     7 ||    16
         Tentacles         |     9 |     9 ||    18
         Kick              |     7 |     3 ||    10
         Punch             |     1 |     1 ||     2
   Fire: Sling             |    29 |    29 ||    58
  Throw: Stone             |     1 |       ||     1
   Cast: Beastly Appendage |     7 |     4 ||    11
         Wereblood         |     1 |     1 ||     2
         Spider Form       |       |     7 ||     7
    Use: Potion            |     1 |     3 ||     4
         Scroll            |       |     4 ||     4
   Stab: Invisible         |       |     9 ||     9
 Armour: Skin              |     7 |     8 ||    15
  Dodge: Dodged            |    38 |    99 ||   137

Table legend: (Time is in decaauts)
 A = Elapsed time spent in this place.
 B = Non-inter-level travel time spent in this place.
 C = Inter-level travel time spent in this place.
 D = Time resting spent in this place.
 E = Time spent auto-exploring this place.
 F = Levels seen in this place.
 G = Mean time per level.
                   A        B        C        D        E       F      G
               +--------+--------+--------+--------+--------+-----+--------+
         Total |   2695 |   2540 |    155 |    194 |   1500 |   5 |  539.0 |
       Dungeon |   2695 |   2540 |    155 |    194 |   1500 |   5 |  539.0 |
               +--------+--------+--------+--------+--------+-----+--------+

Top non-repeatable levels by time:
     D:2: 1116 daAuts
     D:3: 812 daAuts
     D:1: 555 daAuts
     D:4: 124 daAuts
     D:5: 86 daAuts
